 Dungeon Crawl Stone Soup version 0.30-b1-2-g02819fbbbe (webtiles) character file.

Game seed: 7191592268104932778

313 dorian the Insei (level 6, -16/38 HPs)
             Began as an Octopode Transmuter on May 13, 2023.
             Demolished by an ogre
             ... wielding a +0 giant club
              (32 damage)
             ... on level 4 of the Dungeon.
             The game lasted 00:07:08 (3233 turns).

dorian the Insei (Octopode Transmuter)              Turns: 3233, Time: 00:07:09

Health: -16/38     AC:  1    Str:  9    XL:     6   Next: 43%
Magic:  9/9        EV: 13    Int: 15    God:
Gold:   278        SH:  0    Dex: 15    Spells: 8/9 levels left

rFire   . .          .
                       - Unarmed
rCold   . . .        (no shield)
rNeg    . . .        (helmet currently unavailable)
rPois   .            (no amulet)
rElec   .            (no ring)
rCorr   .            (no ring)
SInv    .            (no ring)
Will    .....        (no ring)
Stlth   ++++         (no ring)
HPRegen 0.26/turn    (no ring)
MPRegen 0.11/turn    (no ring)
                     (no ring)

%: no passive effects
@: appendages (expiring)
A: tentacle spike 3, almost no armour, amphibious, 8 rings, camouflage 1,
gelatinous body 1, (nimble swimmer 1), tentacles
a: End Transformation


You were on level 4 of the Dungeon.
One of your tentacles had grown a beastly spike.
You visited 1 branch of the dungeon, and saw 4 of its levels.

You collected 278 gold pieces.

Inventory:

Jewellery
 e - a ring of ice
Scrolls
 b - a scroll of fog
 j - a scroll of fear {unknown}
Potions
 a - a potion of lignification
 c - 2 potions of cancellation
 d - a potion of flight
 f - 2 potions of curing
 g - a potion of degeneration
 h - 2 potions of resistance
 i - a potion of mutation {unknown}


   Skills:
 + Level 1.3 Fighting
 - Level 2.0 Dodging
 + Level 4.0 Stealth
 * Level 5.3 Unarmed Combat
 - Level 2.0 Spellcasting
 + Level 3.6 Transmutations


You had 8 spell levels left.
You knew the following spells:

 Your Spells              Type           Power      Damage    Failure   Level
a - Beastly Appendage     Tmut           24%        N/A       4%          1

Your spell library contained the following spells:

 Spells                   Type           Power      Damage    Failure   Level
 Wereblood                Tmut           12%        N/A       8%          2
 Kiss of Death            Conj/Necr      4%         2d5       22%         1
 Spider Form              Tmut/Pois      6%         N/A       32%         3
 Call Canine Familiar     Summ           1%         N/A       54%         3
 Confusing Touch          Hex            1%         N/A       54%         3
 Summon Guardian Golem    Hex/Summ       1%         N/A       54%         3
 Ice Form                 Ice/Tmut       6%         N/A       71%         4
 Dispel Undead            Necr           1%         3d6       91%         4
 Summon Lightning Spire   Summ/Air       1%         N/A       91%         4
 Malign Gateway           Summ/Tloc      0%         N/A       100%        7
 Orb of Destruction       Conj           0%         9d5       100%        7
 Spellforged Servitor     Conj/Summ      0%         N/A       100%        7


Dungeon Overview and Level Annotations

Branches:
Dungeon (4/15)
 Temple: D:4-7

Altars:
Dithmenos
Makhleb

Annotations:
D:3 1 runed translucent door, Crazy Yiuf


Innate Abilities, Weirdness & Mutations

One of your tentacles has grown a beastly spike.
You cannot wear most types of armour.
You are amphibious.
You can wear up to eight rings at the same time.
Your skin changes colour to match your surroundings (Stealth+).
Your rubbery body absorbs attacks. (AC +1, EV +1)
((You are camouflaged when in or above water. (Stealth+)))
You have tentacles for arms and can constrict up to eight enemies at once.


Message History

The hound is severely wounded.
You constrict the hound. The hound completely misses you.
The hound closely misses you.
You barely miss the hound. You squeeze the hound.
You kill the hound!
Your Stealth skill increases to level 4!
No target in view!
No target in view!
Your tentacle spike disappears.
You now have 278 gold pieces (gained 11).
j - a scroll labelled ASACYBB ZECI
k - a scroll of identify An ogre comes into view.
It is wielding a +0 giant club.
As you read the scroll of identify, it crumbles to dust.
h - 2 potions of resistance
Casting: Beastly Appendage (safe; 4% risk of failure)
Confirm with . or Enter, or press ? or * to list all spells.
One of your tentacles grows a vicious spike.
Your transformation is almost over.
Found a pair of glowing gloves.
The ogre shouts!
You tentacle-slap the ogre but do no damage.
Your tentacle spike misses the ogre.
You squeeze the ogre.
The ogre is moderately wounded.
The ogre hits you with a +0 giant club!!
Ouch! That really hurt!
You are too injured to fight recklessly!
You are too injured to fight recklessly!
You barely miss the ogre.
You pierce the ogre.
The ogre is moderately wounded.
You completely miss the ogre. You squeeze the ogre.
The ogre is heavily wounded.
The ogre misses you.
You barely miss the ogre.
You pierce the ogre.
The ogre is severely wounded.
You tentacle-slap the ogre.
You pierce the ogre, but do no damage.
The ogre is almost dead.
The ogre hits you with a +0 giant club!!
Ouch! That really hurt!
You die...

..[.<......#......###.....#
..#
..............##..##...#...#
.# .............#
#...#..###.## ..
#.........### ##..##..## ..#
## ...........# #..##....#
... ..........#####....#...#
.. ...................#....
..........#...#.........
......)...#.....@...[...
.............#..O.......
.............#..........
...............##.......
............... .###...
##............. .. ###
.............# .. .#... .##


You could see an ogre.

Vanquished Creatures
  Sigmund (D:4)
  A hound (D:4)
  5 adders
  2 worms
  2 dart slugs
  2 orcs
  7 ball pythons
  6 bats
  5 endoplasms
  2 giant cockroaches (D:3)
  7 goblins
  4 hobgoblins
  4 jackals (D:3)
  6 kobolds
  3 quokkas
  4 frilled lizards
  2 rats
63 creatures vanquished.

Notes
Turn   | Place    | Note
-------+----------+-------------------------------------------
     0 | D:1      | dorian the Octopode Transmuter began the quest for the Orb.
     0 | D:1      | Reached XP level 1. HP: 13/13 MP: 3/3
   299 | D:1      | Reached XP level 2. HP: 14/18 MP: 3/5
   815 | D:2      | Reached XP level 3. HP: 7/23 MP: 4/6
  1460 | D:2      | Reached skill level 4 in Unarmed Combat
  1513 | D:2      | Reached skill level 1 in Stealth
  1513 | D:2      | Reached XP level 4. HP: 24/28 MP: 5/7
  2124 | D:3      | Got the Annotations on Collective Portals
  2387 | D:3      | Found a burning altar of Makhleb.
  2415 | D:3      | Found a shadowy altar of Dithmenos.
  2774 | D:3      | Found a runed translucent door.
  2775 | D:3      | Noticed Crazy Yiuf
  2877 | D:4      | Noticed a scorpion
  2938 | D:4      | Reached XP level 5. HP: 33/33 MP: 8/8
  2989 | D:4      | Noticed Sigmund
  3077 | D:4      | Killed Sigmund
  3078 | D:4      | Reached skill level 5 in Unarmed Combat
  3078 | D:4      | Reached XP level 6. HP: 30/38 MP: 7/9
  3233 | D:4      | Demolished by an ogre

Illustrated notes

Levels and vault maps discovered:
D:1:      moated_graveyard_arrival, layout_loops_ring
D:2:      layout_loops_ring, dk_vineyard_1
D:3:      layout_basic, mainiacjoe_overflow_large_starburst,
          minmay_misc_feat_cross, minmay_starry_boxes, uniq_crazy_yiuf_cottage
D:4:      layout_cave_pools, minmay_temple_entry_nine_rooms, uniq_sigmund

Skill      XL: |  1  2  3  4  5  6 |
---------------+-------------------+-----
Unarmed Combat | 4 5 |  5.3
Stealth        | 1 2 3 4 |  4.0
Transmutations | 3 |  3.6
Fighting       | |  1.3
Dodging        | |  2.0
Spellcasting   | |  2.0

Action                     |  1- 3 |  4- 6 || total
---------------------------+-------+-------++-------
  Melee: Unarmed           |    60 |    86 ||   146
         Kick              |    20 |    27 ||    47
         Constrict         |    15 |    17 ||    32
         Punch             |     2 |       ||     2
         Tentacles         |     5 |    15 ||    20
   Cast: Beastly Appendage |    18 |    28 ||    46
    Use: Scroll            |     4 |     7 ||    11
         Potion            |       |     1 ||     1
   Stab: Sleeping          |     8 |    12 ||    20
 Armour: Skin              |     2 |     2 ||     4
  Dodge: Dodged            |    31 |    45 ||    76
